 Dungeon Crawl Stone Soup version 0.31-a0-1068-g5939ac1fb6 (webtiles) character file.

Game seed: 11458334544953229971

648 harv121 the Ruffian (level 7, 67/67 HPs)
             Began as a Troll Berserker on Nov 21, 2023.
             Was a Believer of Trog.
             Quit the game on level 4 of the Dungeon on Mar 23, 2024.
             The game lasted 00:11:55 (1996 turns).

harv121 the Ruffian (Troll Berserker)               Turns: 1996, Time: 00:11:56

Health: 67/67      AC:  4    Str: 28    XL:     7   Next: 27%
Magic:  6/6        EV: 10    Int:  3    God:    Trog [**....]
Gold:   81         SH:  0    Dex:  9    Spells: 6/6 levels left

rFire   . .          .
                       - Unarmed
rCold   . . .        (no shield)
rNeg    . . .        a - +0 animal skin
rPois   .            (helmet restricted)
rElec   .            (no cloak)
rCorr   .            (gloves unavailable)
SInv    .            (boots unavailable)
Will    .....        (no amulet)
Stlth   +            (no ring)
HPRegen 1.11/turn    (no ring)
MPRegen 0.10/turn

%: no passive effects
@: no status effects
A: large, unfitting armour, claws 3, regeneration 1, shaggy fur 1, tough skin 1
a: Renounce Religion, Berserk, Trog's Hand


You were on level 4 of the Dungeon.
You worshipped Trog.
Trog was pleased with you.
You visited 1 branch of the dungeon, and saw 4 of its levels.

You collected 81 gold pieces.

Inventory:

Missiles
 c - a throwing net
Armour
 a - a +0 animal skin (worn)
 h - a +0 leather armour
Scrolls
 b - a scroll of acquirement {unknown}
 f - a scroll of identify {unknown}
 i - 2 scrolls of amnesia {unknown}
 j - a scroll of immolation {unknown}
Potions
 d - a potion of degeneration {unknown}
 e - a potion of enlightenment {unknown}
 g - a potion of might {unknown}


   Skills:
 + Level 3.1 Fighting
 + Level 4.0 Dodging
 + Level 1.3 Stealth
 + Level 6.6 Unarmed Combat


You had 6 spell levels left.
You didn't know any spells.
Your spell library contained the following spells:

 Spells                   Type           Power      Damage    Failure   Level
 Kiss of Death            Conj/Necr      0%         2d5       52%         1
 Momentum Strike          Conj/Tloc      0%         3d8       67%         2
 Conjure Ball Lightning   Conj/Air       0%         3x3d6     100%        6
 Chain Lightning          Conj/Air       0%         N/A       100%        9


Dungeon Overview and Level Annotations

Branches:
Dungeon (4/15)
 Temple: D:4-7

Altars:
Qazlal


Innate Abilities, Weirdness & Mutations

You are too large for most types of armour.
You have claws for hands.
Your natural rate of healing is unusually fast.
You are covered in fur. (AC +1)
You have tough skin. (AC +1)


Message History

Deactivating autopickup; reactivate with Ctrl-A.
Something hits you. Something shocks you.
No target in view!
No target in view!
No target in view!
No target in view!
There is a strange disturbance nearby!
Are you sure you want to abandon this character and quit the game? (Confirm with "yes".)
Okay, then.
Saving game... please wait.
Welcome back, harv121 the Troll Berserker.
Trog says: Kill them all!
Press ? for a list of commands and other information.
Deactivating autopickup; reactivate with Ctrl-A.
You scratch something. Something hits you. Something shocks you.
You scratch something but do no damage. Something hits you but does no damage.
You closely miss something. Something hits you but does no damage.
You claw something! Something hits you but does no damage.
You miss something. Something hits you. Something shocks you.
You miss something. You scratch something. Something hits you.
Something shocks you.
You claw something! Trog accepts your kill.
Reactivating autopickup.
You feel a bit more experienced.
Your Dodging skill increases to level 4!
You don't know any spells.
HP restored.
You don't have any such object.
Fire/throw/use which item? ([*] to toss any item) (? for menu, Esc to quit)
That's the wrong kind of item! (Use * to select it.) Fire/throw/use which item? ([*] to toss any item) (? for menu, Esc to quit)
That's the wrong kind of item! (Use * to select it.) Fire/throw/use which item? ([*] to toss any item) (? for menu, Esc to quit)
You don't have any such object.
Fire/throw/use which item? ([*] to toss any item) (? for menu, Esc to quit)
Okay, then.
Are you sure you want to abandon this character and quit the game? (Confirm with "yes".)
Okay, then.
Are you sure you want to abandon this character and quit the game? (Confirm with "yes".)

.###.##.# #.#
...#.#.#######.#
............#.#
#..#.###[#.#.##
#.[#..........# ##
#..)..#..#.##.#########.
##.#.##..#.##.#.........
.###.#.......##.#.########
#.........@.####.#.#
######...#.........#
#...########.##
#...########.#
#....>....##.#
#####...#......#.#
...............#.#
...............#..#
...................


There were no monsters in sight!

Vanquished Creatures
  Grinder (D:4)
  Sigmund (D:3)
  A sky beast (D:4)
  A hound (D:4)
  A jelly (D:4)
  Crazy Yiuf (D:2)
  6 adders
  A dart slug (D:1)
  3 orcs
  6 endoplasms
  4 giant cockroaches
  7 goblins
  4 hobgoblins
  2 jackals (D:1)
  10 ball pythons
  2 bats (D:1)
  3 frilled lizards
  4 kobolds
  6 rats
64 creatures vanquished.

Notes
Turn   | Place    | Note
-------+----------+-------------------------------------------
     0 | D:1      | harv121 the Troll Berserker began the quest for the Orb.
     0 | D:1      | Reached XP level 1. HP: 22/22 MP: 0/0
   100 | D:1      | Reached XP level 2. HP: 29/29 MP: 1/1
   300 | D:1      | Reached XP level 3. HP: 36/36 MP: 2/2
   386 | D:1      | Found a faded altar of an unknown god.
   410 | D:1      | Reached ** piety under Trog
   489 | D:1      | Got the Atlas of Power
   808 | D:2      | Found a runed translucent door.
   809 | D:2      | Noticed Crazy Yiuf
   899 | D:2      | Reached XP level 4. HP: 44/44 MP: 3/3
  1008 | D:2      | Killed Crazy Yiuf
  1009 | D:2      | Reached skill level 4 in Unarmed Combat
  1096 | D:3      | Noticed Sigmund
  1104 | D:3      | Killed Sigmund
  1105 | D:3      | Reached skill level 5 in Unarmed Combat
  1105 | D:3      | Reached XP level 5. HP: 52/52 MP: 4/4
  1105 | D:3      | Reached XP level 6. HP: 59/59 MP: 5/5
  1368 | D:3      | Reached skill level 1 in Stealth
  1416 | D:3      | Found a stormy altar of Qazlal.
  1702 | D:3      | Upgraded the game from 0.31-a0-1059-g83d41fd8b6 to
                  | 0.31-a0-1068-g5939ac1fb6
  1838 | D:4      | Noticed Grinder
  1842 | D:4      | Paralysed by Grinder for 3 turns
  1895 | D:4      | Killed Grinder
  1896 | D:4      | Reached skill level 6 in Unarmed Combat
  1896 | D:4      | Reached XP level 7. HP: 49/67 MP: 6/6
  1996 | D:4      | Quit the game

Illustrated notes

Levels and vault maps discovered:
D:1:      pf_arrival_petrified_forest, layout_rooms,
          dilly_ecumenical_altar_fadedgnrine, st_stairs_10
D:2:      layout_rooms, uniq_crazy_yiuf_cottage
D:3:      layout_basic, general_overflow_altar, dreamdust_princess_bridge,
          uniq_sigmund
D:4:      cheibrodos_greedy_goblins, layout_loops_cross, uniq_grinder

Skill      XL: |  1  2  3  4  5  6  7 |
---------------+----------------------+-----
Dodging        | 3 4 |  4.0
Unarmed Combat | 5 6 |  6.6
Fighting       | 3 |  3.1
Stealth        | 1 |  1.3

Action                     |  1- 3 |  4- 6 |  7- 9 || total
---------------------------+-------+-------+-------++-------
  Melee: Unarmed           |    84 |    56 |    11 ||   151
         Punch             |     1 |     1 |       ||     2
 Invoke: Berserk           |     1 |     3 |       ||     4
   Stab: Sleeping          |     1 |     2 |       ||     3
 Armour: Animal skin       |    43 |    31 |     9 ||    83
  Dodge: Dodged            |    38 |    23 |       ||    61

Table legend: (Time is in decaauts)
 A = Elapsed time spent in this place.
 B = Non-inter-level travel time spent in this place.
 C = Inter-level travel time spent in this place.
 D = Time resting spent in this place.
 E = Time spent auto-exploring this place.
 F = Levels seen in this place.
 G = Mean time per level.
                   A        B        C        D        E       F      G
               +--------+--------+--------+--------+--------+-----+--------+
         Total |   2029 |   1839 |    190 |      0 |   1277 |   4 |  507.2 |
       Dungeon |   2029 |   1839 |    190 |      0 |   1277 |   4 |  507.2 |
               +--------+--------+--------+--------+--------+-----+--------+

Top non-repeatable levels by time:
     D:3: 819 daAuts
     D:1: 588 daAuts
     D:2: 489 daAuts
     D:4: 132 daAuts
